Unix NetHack Version 5.0.0-0 post-release - last build May 10 2026 23:12:36 (d1fa5d53e341ca933230fdaa984d921c805b60aa,branch:main).

Game began 2026-05-13 00:58:58, ended 2026-05-13 01:25:45.

DaveT, lawful male human Priest

                        -----------       -----------
                        |..``|``..---     |.........|
                        |....|.....>|     |.........|
                        |........%---     |.........|
                        |....|....|       |....<....|
                        |-.---------      |.........|
                        |...`|.....|      |.........|
                        |...[|.....|      |.........|
                        |....).....|      |........y|
                        |....|.....----------------||
                        |....|`....^..............@B|
                        -----------------------------

DaveT the Adept              St:13 Dx:13 Co:12 In:11 Wi:18 Ch:13  Lawful
Dlvl:5  $:271 HP:0(53) Pw:99(99) AC:4  Xp:7 T:4630  Burdened

Latest messages:
 The boulder suddenly rolls away from you!
 You hear a boulder fall.
 There are several objects here.
 With great effort you move the boulder.
 With great effort you move the boulder.
 With great effort you move the boulder.
 You notice a bovine smell.
 With great effort you move the boulder.
 With great effort you move the boulder.
 With great effort you move the boulder.
 There are several objects here.
 You smell a dragon!
 With great effort you move the boulder.
 The boulder suddenly rolls away from you!
 You hear a boulder fall.
 There are several objects here.
 You detect an odor reminiscent of an animal's den.
 You detect a strong odor reminiscent of a stable.
 With great effort you move the boulder.
 With great effort you move the boulder.
 With great effort you move the boulder.
 With great effort you move the boulder.
 With great effort you move the boulder.
 There are several objects here.
 Click!  You trigger a rolling boulder trap!
 No boulder was released.
 You see here a candy bar.
 There is a candy bar here; eat it? [ynq] (n) y
 This candy bar is delicious!
 This door is locked.
 Unlock it with your skeleton key? [ynq] (q) y
 You succeed in unlocking the door.
 The door opens.
 You hit the tiger.
 The tiger hits!
 The tiger hits again!
 The tiger bites!
 You hit the tiger!
 The tiger hits!
 The tiger hits again!
 The tiger bites!
 You hit the tiger!
 The tiger hits!
 The tiger hits again!
 The tiger bites!
 The tiger turns into a raven!
 The raven bites!
 You die...
 Do you want your possessions identified? [ynq] (y) y
 Do you want to see your attributes? [ynq] (y) q

Inventory:
 Coins    ('$')
  $ - 271 gold pieces
 Weapons  (')')
  o - 7 +0 orcish arrows
  U - a +0 orcish dagger
  a - a blessed +3 mace (weapon in right hand)
 Armor    ('[')
  L - a blessed +0 orcish helm (being worn)
  G - a +0 pair of kicking boots (being worn)
  c - a +0 small shield (being worn)
  b - a blessed +1 robe (being worn)
 Comestibles  ('%')
  I - a partly eaten apple
  A - 2 candy bars labeled "Berry Bar"
  e - a clove of garlic
  r - 2 cram rations
  w - 6 food rations
  q - a lembas wafer
  f - 6 sprigs of wolfsbane
 Scrolls  ('?')
  m - 4 scrolls of blank paper
  O - a scroll of confuse monster
  F - 2 scrolls of create monster
  x - a cursed scroll of destroy armor
  v - 2 scrolls of earth
  Y - a cursed scroll of enchant armor
  P - a scroll of gold detection
  X - a scroll of identify
  J - a scroll of light
  p - a scroll of punishment
  K - 2 scrolls of remove curse
  B - 2 cursed scrolls of remove curse
 Spellbooks  ('+')
  g - a spellbook of detect monsters
  D - a spellbook of force bolt
  h - a spellbook of healing
 Potions  ('!')
  M - a potion of gain ability
  n - a cursed potion of levitation
  l - a potion of oil
  Z - a potion of speed
  d - a potion of holy water
  H - a potion of unholy water
 Rings    ('=')
  C - a ring of conflict
  u - a ring of levitation
  y - a ring of levitation
  z - a cursed ring of slow digestion
  s - a ring of teleport control
 Wands    ('/')
  E - a wand of digging (0:5)
  Q - a wand of lightning (0:5)
  t - a wand of secret door detection (0:13)
  R - a wand of sleep (0:2)
 Tools    ('(')
  i - a magic marker (0:22)
  N - a skeleton key
 Gems/Stones  ('*')
  k - an amethyst stone

DaveT the Priest's attributes:

Background:
 You were an Adept, a level 7 human Priest.
 You were lawful, on a mission for Amaterasu Omikami
 who was opposed by Raijin (neutral) and Susanowo (chaotic).
 You were right-handed.
 You were in Sokoban, on level 5.
 You entered the dungeon 4630 turns ago.
 It was nighttime.
 You had 946 experience points, 334 more were needed to attain level 8.

Basics:
 You had 0 out of 53 hit points.
 You had all 99 energy points (spell power).
 Your armor class was 4.
 Your wallet contained 271 zorkmids.
 Autopickup was off.

Final Characteristics:
 Your strength was 13 (limit:18/100).
 Your dexterity was 13 (limit:18).
 Your constitution was 12 (limit:18).
 Your intelligence was 11 (limit:18).
 Your wisdom was 18 (limit:18).
 Your charisma was 13 (limit:18).

Final Status:
 You weren't hungry.
 You were burdened; movement was slightly slowed.
 You were wielding a mace.
 You had basic skill with mace and could have enhanced that.

Final Attributes:
 You were piously aligned.
 You were cold resistant.
 You were poison resistant.
 You were guarded.
 Your spell casting was enhanced by wearing a robe.
 You are dead.

Miscellaneous:
 You didn't encounter any bones levels.
 Total elapsed playing time was 26 minutes and 46 seconds.

Major events:
 Turn
    1: DaveT the lawful human Priest entered the dungeon
  592: attained the rank of Acolyte (level 3)
 1148: attained the rank of Adept (level 6)
 1891: entered the Gnomish Mines
 3263: entered Sokoban
 3747: completed 1st Sokoban level
 4523: completed 2nd Sokoban level
 4630: killed by a chameleon imitating a raven

Spells:
 Name                 Level Category     Fail Retention
 detect monsters        1   divination     0%  76%-100%
 healing                1   healing        0%  76%-100%
 force bolt             1   attack         0%  76%-100%
 detect treasure        4   divination   100%  76%-100%
 charm monster          5   enchantment  100%  76%-100%

Skills:
 Fighting Skills
   bare handed combat [Unskilled]
 Weapon Skills
   club               [Unskilled]
   mace               [Basic]
   morning star       [Unskilled]
   flail              [Unskilled]
   hammer             [Unskilled]
   quarterstaff       [Unskilled]
   polearms           [Unskilled]
   spear              [Unskilled]
   trident            [Unskilled]
   lance              [Unskilled]
   bow                [Unskilled]
   sling              [Unskilled]
   crossbow           [Unskilled]
   dart               [Unskilled]
   shuriken           [Unskilled]
   boomerang          [Unskilled]
   unicorn horn       [Unskilled]
 Spellcasting Skills
   healing spells     [Unskilled]
   divination spells  [Unskilled]
   clerical spells    [Basic]

Voluntary challenges:
 Character rerolling was not enabled.
 You never genocided any monsters.
 You never polymorphed an object.
 You never changed form.
 You used no wishes.
 You did not violate any of the special Sokoban rules.
Achievements:
 You attained the rank of Acolyte.
 You entered a shop.
 You attained the rank of Adept.
 You entered the Gnomish Mines.
 You entered Sokoban.

 The Dungeons of Doom: levels 1 to 7
    Level 1: "vault door in NE"
       A fountain.
    Level 2:
       A potion shop.
    Level 3: "vault"
       A potion shop.
    Level 4: "vault"
       Some fountains.
       Stairs down to The Gnomish Mines.
    Level 5:
       A fountain.
    Level 6:
       Many fountains.
    Level 7:
       A fountain.
       Stairs up to Sokoban, level 6.
 The Gnomish Mines:
    Level 5:
 Sokoban: levels 6 up to 5
    Level 5: <- You were here.
       Solved.
       Final resting place for
          you, killed by a chameleon imitating a raven.
    Level 6:
       Solved.


Vanquished creatures:
  a large mimic
  7 small mimics
  3 winter wolf cubs
  a Green-elf
  a dog
  a jaguar
  a raven
  2 Uruk-hai
  a rock piercer
  a rock mole
  a pony
  a shrieker
  a violet fungus
  a red naga hatchling
  a black naga hatchling
  a paper golem
  a kobold leader
  a kobold shaman
  6 hill orcs
  a rabid rat
  a giant bat
  a monkey
 an orc zombie
  2 iguanas
  4 coyotes
  2 hobgoblins
  2 cave spiders
  a yellow mold
  a green mold
  a gnome
  a gnome zombie
  3 geckos
  2 jackals
  2 kobolds
  3 goblins
  2 grid bugs
  3 lichens
  6 newts
72 creatures vanquished.

No species were genocided or became extinct.

Game over:
                       ----------
                      /          \
                     /    REST    \
                    /      IN      \
                   /     PEACE      \
                  /                  \
                  |      DaveT       |
                  |      271 Au      |
                  |   killed by a    |
                  |    chameleon     |
                  |   imitating a    |
                  |      raven       |
                  |       2026       |
                 *|     *  *  *      | *
        _________)/\\_//(\/(/\)/\//\/|_)_______

Goodbye DaveT the Priest...

You died in Sokoban on dungeon level 5 with 4446 points,
and 271 pieces of gold, after 4630 moves.
You were level 7 with a maximum of 53 hit points when you died.

